cohdb
Replays
Latest Replays
All Replays
Popular Replays
Top Player Replays
Match Explorer
How It Works
Community
CoH3 Stats
Reddit
Sign in to upload your games and track your stats! →
Sign in with Steam
Match 43666520
Unlisted
Match 43666520
Overview
Messages
Build Orders
End
Panzergrenadier Squad
250 Light Carrier
Panzergrenadier Squad
Construct Light Support Kompanie
2.5-tonne Medical Truck
Selects Panzerjäger Kommand Battlegroup
Selects GrB 39 Grenade Launcher Requisition
Construct Mechanized Kompanie
Veteran Squad Leaders
Support Armor Elements
StuG III D Assault Gun
Selects Mine Fields
Selects Crew Shock Tactics
Marder III Tank Destroyer
Assault Mechanized Group
Emergency Repair Kits
Combat Half-tracks
Rapid Advance
Marder III Tank Destroyer
DebaKLe
Valieriumborn
ValiantHawk
Henry Shi
thecrazycowboygeneral
Chieftain
0
0
Comments
sign in to comment!
No comments posted yet!